[Event "Team 45 45 League T56"]
[Site "Internet Chess Club"]
[Date "2013.03.28"]
[Round "6"]
[White "primerpaso"]
[Black "Justi"]
[Result "0-1"]
[WhiteElo "1891"]
[BlackElo "2031"]
[Opening "English opening"]
[ECO "A16"]
[Time "19:27:36"]
[TimeControl "2700+45"]

1. c4 Nf6 2. Nc3 g6 3. g3 Bg7 4. Bg2 O-O 5. e4 d6 6. Nge2 c5 7. O-O Nc6 8. f4
Nd4 9. h3 Rb8 10. d3 Bd7 11. Rb1 Nxe2+ 12. Qxe2 a6 13. Be3 b5 14. Nd5 Nh5 15.
Bf2 Bd4 16. Kh2 e6 17. Ne3 Qe8 18. Bf3 Ng7 19. Ng4 f5 20. Ne3 Bc6 21. Nc2 e5 22.
Bxd4 fxe4 23. Bxe4 exd4 24. cxb5 Bxe4 25. dxe4 axb5 26. b4 Qc6 27. Rfd1 Rfe8 28.
bxc5 Rxe4 29. Qf3 dxc5 30. Rbc1 Qe6 31. Rd2 Re8 32. Rcd1 Re2+ 33. Kg1 Qe4 34.
Qxe4 R8xe4 35. Na3 Rxd2 36. Rxd2 Re3 37. Nxb5 Rxg3+ 38. Kh2 Rf3 39. a4 Rb3 40.
Kg2 Ne6 41. Ra2 Nxf4+ 42. Kf1 Nd5 43. Ke1 Rxh3 44. a5 Rh1+ {White resigns} 0-1

[Event "Team 45 45 League T56"]
[Site "Internet Chess Club"]
[Date "2013.04.01"]
[Round "6"]
[White "michaelq2d5"]
[Black "xwang1"]
[Result "1/2-1/2"]
[WhiteElo "2118"]
[BlackElo "2076"]
[Opening "King's Indian: Gligoric-Taimanov system"]
[ECO "E92"]
[Time "19:02:58"]
[TimeControl "2700+45"]

1. d4 Nf6 2. c4 g6 3. Nc3 Bg7 4. e4 d6 5. Be2 O-O 6. Nf3 e5 7. Be3 Ng4 8. Bg5 f6
9. Bh4 g5 10. Bg3 Nh6 11. d5 Nd7 12. Nd2 f5 13. exf5 Nf6 14. Nde4 Nxe4 15. Nxe4
Nxf5 16. O-O Nd4 17. Bg4 Bf5 18. Bxf5 Rxf5 19. Rc1 b6 20. b4 a5 21. a3 axb4 22.
axb4 Ra2 23. Re1 Qa8 24. c5 bxc5 25. bxc5 Bf8 26. Qg4 Be7 27. h4 h6 28. cxd6
cxd6 29. hxg5 hxg5 30. Rc7 Ra7 31. Rxe7 Rxe7 32. Nxd6 Rf8 33. Qxg5+ Rg7 34. Qxe5
Qa7 35. Rd1 Re7 36. Qg5+ Rg7 37. Qe3 Nf3+ 38. gxf3 Rxg3+ 39. Kh2 Qxe3 40. fxe3
Rfxf3 41. e4 Rh3+ 42. Kg2 Rhg3+ 43. Kh2 Rh3+ 44. Kg2 Rhg3+ 45. Kh2 {Game drawn
by repetition} 1/2-1/2

[Event "Team 45 45 League T56"]
[Site "Internet Chess Club"]
[Date "2013.03.31"]
[Round "6"]
[White "avila"]
[Black "Nb4"]
[Result "1-0"]
[WhiteElo "1966"]
[BlackElo "1899"]
[Opening "Alekhine's defense: exchange variation"]
[ECO "B03"]
[Time "13:05:34"]
[TimeControl "2700+45"]

1. e4 Nf6 2. e5 Nd5 3. d4 d6 4. c4 Nb6 5. exd6 exd6 6. h3 g6 7. Nf3 Bg7 8. Bd3
O-O 9. O-O Nc6 10. Bg5 Bf6 11. Be3 Nb4 12. Be2 Bf5 13. Na3 Re8 14. Qd2 a5 15.
Rfc1 Nd7 16. Nb5 b6 17. Nc3 Nf8 18. a3 Nc6 19. Nd5 Bg7 20. b4 f6 21. Bd3 Bxd3
22. Qxd3 Ne7 23. Nc3 d5 24. cxd5 Kh8 25. Qc4 g5 26. b5 Nfg6 27. Re1 Nf5 28. Rac1
Rc8 29. Qd3 Nd6 30. Bd2 Qd7 31. Rxe8+ Rxe8 32. Re1 Rxe1+ 33. Nxe1 Ne7 34. Nc2
Ndf5 35. Ne3 Nxe3 36. fxe3 Nxd5 37. e4 Nxc3 38. Bxc3 h6 39. a4 Bf8 40. d5 Kg7
41. e5 Be7 42. Qc4 Qd8 43. Qc6 Kf7 44. Qe6+ Kg7 45. Kf2 fxe5 46. Bxe5+ Bf6 47.
Ke3 Qf8 48. Qd7+ Kg6 49. Bxf6 Qxf6 50. Qxc7 Qa1 51. Qxb6+ Kh7 52. Qc7+ Kg6 53.
Qc6+ Kh7 54. d6 Qe1+ 55. Kd4 Qd2+ 56. Ke5 Qe3+ 57. Qe4+ {Black resigns} 1-0

[Event "Team 45 45 League T56"]
[Site "Internet Chess Club"]
[Date "2013.03.31"]
[Round "6"]
[White "Tobiasdelmonte"]
[Black "nurmi"]
[Result "1-0"]
[WhiteElo "1932"]
[BlackElo "1898"]
[Opening "Neo-Grünfeld, 6.O-O"]
[ECO "D77"]
[Time "22:06:08"]
[TimeControl "2700+45"]

1. d4 Nf6 2. g3 g6 3. Bg2 Bg7 4. Nf3 O-O 5. O-O d5 6. c4 e6 7. Qc2 Nbd7 8. Nbd2
c6 9. b3 Re8 10. Bb2 Qc7 11. Rac1 h6 12. Rfd1 Nh7 13. e4 Nb6 14. Ne5 dxc4 15.
bxc4 c5 16. dxc5 Qxc5 17. Nb3 Qc7 18. f4 Nf8 19. c5 Nbd7 20. Ng4 a5 21. Bxg7
Kxg7 22. Qc3+ e5 23. Rd5 h5 24. Nxe5 Nxe5 25. fxe5 Be6 26. Rd6 Bxb3 27. axb3 Ne6
28. Rd5 Ra6 29. Qf3 Rc6 30. Qf2 b6 31. Qf6+ Kg8 32. Rd6 bxc5 33. Rf1 Rf8 34.
Rfd1 a4 35. Bh3 Rxd6 36. exd6 Qd7 37. bxa4 Qxa4 38. Re1 Qd4+ 39. Qxd4 Nxd4 40.
Kf2 Rd8 41. e5 Kf8 42. Rc1 Nb3 43. Rc3 Rb8 44. Bg2 Nd4 45. Rxc5 Rb2+ 46. Kg1
Rb1+ 47. Bf1 Ke8 48. Kf2 Rb2+ 49. Ke3 Nf5+ 50. Ke4 Rb4+ 51. Rc4 Rb8 52. Bh3 Rb1
53. Rc8+ Kd7 54. Rc7+ Ke8 55. Kd5 Rd1+ 56. Kc6 Nd4+ 57. Kb7 Nf5 58. Bxf5 gxf5
59. Kc8 {Black resigns} 1-0

[Event "Team 45 45 League T56"]
[Site "Internet Chess Club"]
[Date "2013.03.30"]
[Round "6"]
[White "Shijith"]
[Black "Barrett-CCSCSL"]
[Result "1/2-1/2"]
[WhiteElo "2076"]
[BlackElo "2116"]
[Opening "QGD Slav: Dutch variation, main line"]
[ECO "D19"]
[Time "12:00:38"]
[TimeControl "2700+45"]

1. d4 d5 2. c4 c6 3. Nf3 Nf6 4. Nc3 dxc4 5. a4 Bf5 6. e3 e6 7. Bxc4 Bb4 8. O-O
O-O 9. Qe2 Bg4 10. Rd1 Nbd7 11. e4 Rc8 12. Bf4 Qa5 13. h3 Bxf3 14. Qxf3 e5 15.
Be3 exd4 16. Bxd4 Ne5 17. Qg3 Rfe8 18. Be2 Qc7 19. f4 Bxc3 20. Qxc3 Nxe4 21. Qc2
Ng6 22. Bd3 c5 23. Bxe4 cxd4 24. Qxc7 Rxc7 25. Rxd4 Nxf4 26. Bxh7+ Kxh7 27. Rxf4
Re2 28. b4 Rcc2 29. Rxf7 Rxg2+ 30. Kh1 Rh2+ 31. Kg1 Rcg2+ 32. Kf1 Rf2+ 33. Rxf2
Rh1+ 34. Ke2 Rxa1 35. Rf7 Rxa4 36. Rxb7 Ra3 {Game drawn by mutual agreement}
1/2-1/2

[Event "Team 45 45 League T56"]
[Site "Internet Chess Club"]
[Date "2013.04.01"]
[Round "6"]
[White "Campagnolo"]
[Black "PandorasBox"]
[Result "1/2-1/2"]
[WhiteElo "2071"]
[BlackElo "1913"]
[Opening "Réti opening"]
[ECO "A11"]
[Time "16:01:52"]
[TimeControl "2700+45"]

1. Nf3 c6 2. c4 Nf6 3. Nc3 g6 4. e4 d6 5. d4 Bg7 6. h3 O-O 7. Bg5 Nbd7 8. Be2
Qb6 9. Qd2 Re8 10. O-O e5 11. d5 Nc5 12. Qc2 cxd5 13. cxd5 Bd7 14. Nd2 Rac8 15.
Qb1 a6 {Game drawn by mutual agreement} 1/2-1/2

[Event "Team 45 45 League T56"]
[Site "Internet Chess Club"]
[Date "2013.04.01"]
[Round "6"]
[White "jonesey"]
[Black "jorobo"]
[Result "0-1"]
[WhiteElo "1815"]
[BlackElo "2007"]
[Opening "Pirc: 150 attack"]
[ECO "B07"]
[Time "08:32:12"]
[TimeControl "2700+45"]

1. e4 d6 2. d4 Nf6 3. Nc3 g6 4. Be3 c6 5. Qd2 b5 6. Bd3 Nbd7 7. Bh6 b4 8. Nce2
Bxh6 9. Qxh6 Qa5 10. Nf3 b3+ 11. Nc3 bxc2 12. O-O Rb8 13. e5 dxe5 14. dxe5 Nxe5
15. Nxe5 Qxe5 16. Rfe1 Ng4 17. Qh4 Qf6 18. Qg3 Rxb2 19. Ne4 Qd4 20. Nd6+ Kf8 21.
Ne4 Bf5 {White resigns} 0-1

[Event "Team 45 45 League T56"]
[Site "Internet Chess Club"]
[Date "2013.04.02"]
[Round "6"]
[White "NFork"]
[Black "chess9793"]
[Result "1-0"]
[WhiteElo "2172"]
[BlackElo "2048"]
[Opening "Nimzovich-Larsen attack: Indian variation"]
[ECO "A01"]
[Time "15:04:23"]
[TimeControl "2700+45"]

1. b3 Nf6 2. Bb2 d5 3. Nf3 Bg4 4. e3 Nbd7 5. Be2 e6 6. c4 Bd6 7. O-O O-O 8. Nc3
c5 9. cxd5 exd5 10. d4 Rc8 11. dxc5 Nxc5 12. Rc1 Bb8 13. Nb5 a6 14. Nbd4 Nce4
15. Qd3 Qd6 16. Rfd1 h5 17. g3 Rfd8 18. Nh4 Bxe2 19. Nxe2 Qe6 20. Nd4 Qh3 21.
Qf1 Rxc1 22. Rxc1 Qxf1+ 23. Rxf1 Re8 24. Rc1 Kh7 25. f3 Nd6 26. Kf2 g5 27. Nhf5
Kg6 28. Nxd6 Bxd6 29. Ne2 Ng8 30. Bd4 Ne7 31. Bc5 Bxc5 32. Rxc5 Nf5 33. Rxd5
Nxe3 34. Rd7 f6 35. Nc3 Nf5 36. g4 hxg4 37. fxg4 Nh4 38. Nd5 Re5 39. Rd6 Kg7 40.
Nxf6 Kf7 41. Rb6 Rc5 42. Ne4 Rc2+ 43. Kg3 Rg2+ 44. Kh3 Rg1 {Black resigns} 1-0

[Event "Team 45 45 League T56"]
[Site "Internet Chess Club"]
[Date "2013.03.28"]
[Round "6"]
[White "Rodin7"]
[Black "chiiwen"]
[Result "0-1"]
[WhiteElo "2087"]
[BlackElo "2149"]
[Opening "Scandinavian: Pytel-Wade variation"]
[ECO "B01"]
[Time "22:06:51"]
[TimeControl "2700+45"]

1. e4 d5 2. exd5 Qxd5 3. Nc3 Qd6 4. g3 Nf6 5. Bg2 Bg4 6. Nge2 Nc6 7. h3 Bh5 8.
O-O e5 9. d3 O-O-O 10. Be3 a6 11. a3 Nd4 12. g4 Bg6 13. b4 h5 14. g5 Nd7 15. Ng3
f5 16. gxf6 gxf6 17. Nce4 Qe6 18. c3 Nc6 19. a4 h4 20. b5 Ne7 21. Ne2 Nf5 22.
Bd2 Bh5 23. Re1 a5 24. Kh1 Qb6 25. Qb3 Nc5 26. Nxc5 Bxc5 27. d4 exd4 28. cxd4
Nxd4 29. Nxd4 Bxd4 30. Re6 Bf7 31. Rae1 Bxe6 32. Rxe6 Rd6 33. Rxd6 Qxd6 34. Qf3
Bb6 35. Bf4 Qe6 36. Qxb7+ Kd7 37. Kh2 Rh5 38. Bc6+ Kd8 39. Bf3 Rc5 40. Qa8+ Ke7
41. Bc6 Rxc6 42. Qxc6 Qxc6 43. bxc6 Ke6 44. Kg2 Kd5 45. Kf3 Kxc6 46. Kg4 Bxf2
47. Bd2 Kd5 48. Bxa5 c5 49. Kf5 Bd4 50. Be1 c4 51. Bxh4 c3 52. Be1 c2 53. Bd2
Kc4 54. Ke4 Bf2 55. a5 Be1 56. Bc1 Bxa5 57. Kf5 Kd3 58. Kxf6 Bd2 59. Ba3 Kc4
{White resigns} 0-1

[Event "Team 45 45 League T56"]
[Site "Internet Chess Club"]
[Date "2013.04.03"]
[Round "6"]
[White "f5"]
[Black "CuatroPrincesas"]
[Result "1/2-1/2"]
[WhiteElo "2107"]
[BlackElo "2150"]
[Opening "Sicilian: closed, 6.f4 e5 (Botvinnik)"]
[ECO "B25"]
[Time "15:30:14"]
[TimeControl "2700+45"]

1. e4 c5 2. Nc3 d6 3. g3 Nc6 4. Bg2 g6 5. d3 Bg7 6. f4 e5 7. Nf3 Nge7 8. O-O Bg4
9. h3 Bxf3 10. Qxf3 O-O 11. f5 Nd4 12. Qg4 f6 13. fxg6 hxg6 14. Rf2 Qc8 15. Qxc8
Raxc8 16. Nd1 Kh7 17. c3 Ndc6 18. Ne3 Bh6 19. h4 Kg7 20. Bh3 Rb8 21. Bd2 b5 22.
Raf1 b4 23. c4 Nd4 24. Nc2 Nxc2 25. Bxh6+ Kxh6 26. Rxc2 Kg7 27. Rcf2 Nc6 28. Kg2
Nd4 29. Bg4 Rb6 30. Bd1 Ra6 31. b3 Ra3 32. g4 Ne6 33. Kf3 a5 34. Ke3 a4 35. bxa4
Rc3 36. Rc2 Ra3 37. Rb2 Rh8 38. Rh1 Rc3 39. Rc2 Ra3 40. Rb2 Nf8 41. Bb3 Nd7 42.
Rf2 g5 43. h5 Rh6 44. Rb1 Nf8 45. Rbb2 Ne6 46. Rb1 Nf4 47. Rbb2 Rh8 48. Rb1 Kh6
49. Rbb2 Rh7 50. Rb1 Rd7 51. Rbb2 Rc7 52. Rb1 Ra7 53. Rd2 Ra5 54. Rbb2 Ra7 55.
Rb1 Kg7 56. Rbb2 Ne6 57. Rb1 Ra8 58. Rf2 Nf8 59. Rbf1 Nd7 60. Rh1 Rh8 61. Rhf1
Rh6 62. Rb1 Nb6 63. Rbb2 Rh8 64. Rb1 Rf8 65. Rbb2 Nxa4 66. Bxa4 Rxa4 67. Rf1 Ra7
68. Rc1 Rfa8 69. Rcc2 Ra3 70. Kd2 R8a7 71. Ke3 Ra8 {Game drawn by mutual
agreement} 1/2-1/2

[Event "Team 45 45 League T56"]
[Site "Internet Chess Club"]
[Date "2013.03.30"]
[Round "6"]
[White "Stryker672"]
[Black "TerryMalloy"]
[Result "1-0"]
[WhiteElo "1996"]
[BlackElo "1974"]
[Opening "Scotch gambit: Dubois-Réti defense"]
[ECO "C55"]
[Time "15:02:53"]
[TimeControl "2700+45"]

1. e4 e5 2. Bc4 Nf6 3. d4 exd4 4. Nf3 Nc6 5. e5 d5 6. Bb5 Ne4 7. Nxd4 Bd7 8.
Bxc6 bxc6 9. Be3 Bc5 10. Nd2 Nxd2 11. Qxd2 O-O 12. O-O Qe7 13. f4 f6 14. exf6
Qxf6 15. Rae1 Rae8 16. c3 Bd6 17. Nb3 Re7 18. Bd4 Qh6 19. Rxe7 Bxe7 20. Bxa7 Ra8
21. Bc5 Bd6 22. a3 Rb8 23. Bxd6 cxd6 24. Nd4 c5 25. Nf3 Bc6 26. b4 Re8 27. Re1
Rxe1+ 28. Nxe1 Qe6 29. Nf3 h6 30. Qe1 Qf5 31. Nh4 Qf6 32. f5 Bd7 33. h3 Kf7 34.
Qg3 Ke8 35. bxc5 dxc5 36. Qg6+ Qxg6 37. fxg6 Ke7 38. Kf2 Kf6 39. Ke3 Ke5 40.
Nf3+ Kf5 41. g4+ Kf6 42. Kf4 Ba4 43. Ne5 Ke6 44. h4 Ke7 45. g5 h5 46. Nd3 Kd6
47. Ke3 Bd7 48. Nf4 Ke5 49. Nxh5 Kf5 50. Nf4 d4+ 51. cxd4 cxd4+ 52. Kf3 Bc6+ 53.
Kg3 Bb5 54. Nd5 d3 55. Nc3 d2 56. Kf2 Kxg6 57. Ke3 Bc6 58. Kxd2 Kh5 59. Ke3 Kxh4
60. Kf4 Kh5 61. a4 Kg6 62. a5 Kf7 63. a6 Ke6 64. a7 Kd7 65. Ke5 Kc7 66. Ke6 Kb7
67. Kf7 Kxa7 68. Kxg7 Be8 69. Kf8 Bg6 70. Kg7 Bd3 71. Nd5 Kb7 72. Kf6 Kc8 73.
Ne7+ Kd7 74. Nf5 Ke8 75. g6 Kd7 76. g7 Bc4 77. Nd4 Ba2 78. Nf3 Bg8 79. Ng5 Kd8
80. Nf7+ Ke8 81. Nh6 Ba2 82. Kg6 Ke7 83. Kh7 Kf6 84. Ng4+ Kg5 85. Ne5 Kf6 86.
Nd7+ Ke7 87. Nc5 Ke8 88. Kg6 Ke7 89. Nd3 Bb3 90. Nb4 Bc4 91. Nc6+ Ke8 92. Kf6
Bg8 93. Ne7 Bh7 94. Nf5 Bg8 95. Nd6+ Kd7 96. Nf7 Ke8 97. Nh6 Ba2 98. Nf5 Bg8 99.
Ne7 Bh7 100. Ke6 {Black resigns} 1-0

[Event "Team 45 45 League T56"]
[Site "Internet Chess Club"]
[Date "2013.03.31"]
[Round "6"]
[White "anna"]
[Black "tsia68"]
[Result "1/2-1/2"]
[WhiteElo "1645"]
[BlackElo "1737"]
[Opening "Pirc: classical system, 5.Be2"]
[ECO "B08"]
[Time "16:23:35"]
[TimeControl "2700+45"]

1. e4 d6 2. d4 Nf6 3. Nc3 g6 4. Nf3 Bg7 5. Be2 O-O 6. O-O c6 7. Be3 Nbd7 8. h3
Qc7 9. Qd2 e5 10. dxe5 dxe5 11. Rfd1 Re8 12. Qe1 b6 13. Nd2 Nf8 14. Nc4 Be6 15.
Nd2 {Game drawn by mutual agreement} 1/2-1/2

[Event "Team 45 45 League T56"]
[Site "Internet Chess Club"]
[Date "2013.03.31"]
[Round "6"]
[White "latayvia"]
[Black "iceface"]
[Result "1-0"]
[WhiteElo "1860"]
[BlackElo "1756"]
[Opening "English: symmetrical, main line with d4"]
[ECO "A39"]
[Time "08:11:06"]
[TimeControl "2700+45"]

1. c4 c5 2. Nf3 Nc6 3. Nc3 Nf6 4. g3 g6 5. Bg2 Bg7 6. O-O O-O 7. d4 cxd4 8. Nxd4
Qb6 9. Nc2 d6 10. b3 Bf5 11. Bd2 Rfd8 12. Ne3 Be6 13. Rc1 Nb4 14. Na4 Qa5 15. a3
Rab8 16. Bxb4 Qc7 17. Nd5 Qd7 18. Nxf6+ Bxf6 19. Nc3 b6 20. Nd5 Bg7 21. Bc3 Bxd5
22. Bxd5 b5 23. Bxg7 Kxg7 24. cxb5 Qxb5 25. Qd4+ Kg8 26. Rc7 Qxe2 27. Bc4 Qf3
28. Rxe7 d5 29. Be2 Qxb3 30. Re1 Qxa3 31. Qf6 Rf8 32. Bg4 Rb6 33. Be6 {Black
resigns} 1-0

[Event "Team 45 45 League T56"]
[Site "Internet Chess Club"]
[Date "2013.03.29"]
[Round "6"]
[White "vjbaker"]
[Black "gandre"]
[Result "0-1"]
[WhiteElo "1778"]
[BlackElo "1868"]
[Opening "Caro-Kann: exchange variation"]
[ECO "B13"]
[Time "10:30:51"]
[TimeControl "2700+45"]

1. e4 c6 2. d4 d5 3. exd5 cxd5 4. Nf3 Nf6 5. Bd3 Nc6 6. c3 Qc7 7. O-O Bg4 8.
Nbd2 e6 9. h3 Bh5 10. Re1 Bd6 11. Nf1 O-O-O 12. a4 Kb8 13. b4 Rdg8 14. a5 g5 15.
g4 Bg6 16. Bxg5 Nd7 17. b5 Nxa5 18. Bxg6 hxg6 19. Qa4 b6 20. Kg2 f6 21. Bd2 e5
22. Ne3 e4 23. Ng1 Rc8 24. Nxd5 Qb7 25. Ne3 Bf4 26. Ne2 Bg5 27. Ng3 Bxe3 28.
Rxe3 Nc4 29. Be1 Nxe3+ 30. fxe3 Rh7 31. Ne2 Rch8 32. Bg3+ Ka8 33. Ng1 Rc8 34. c4
f5 35. g5 Nf8 36. d5 Nd7 37. Ne2 Nc5 38. Qc2 Nd3 39. Nd4 Rxh3 40. Nc6 Rch8 41.
Rxa7+ Qxa7 42. Nxa7 Ne1+ 43. Bxe1 Rh2+ 44. Kg3 Rxc2 45. Nc6 Rxc4 46. d6 Rc1 47.
Bb4 Rd1 48. Ne5 Rh5 49. d7 Rxg5+ 50. Kf2 Rh5 51. Be7 Rh8 52. Ke2 Rd5 53. Nc4 Kb7
54. Bf6 Rh2+ 55. Ke1 Rxd7 56. Bd4 Rc7 57. Nd6+ Ka7 58. Kd1 Rh1+ 59. Kd2 Rhc1 60.
Bxb6+ Kxb6 61. Nc8+ Rxc8 62. Ke2 R8c2# {White checkmated} 0-1

[Event "Team 45 45 League T56"]
[Site "Internet Chess Club"]
[Date "2013.03.29"]
[Round "6"]
[White "globulon"]
[Black "tyler66"]
[Result "1-0"]
[WhiteElo "1307"]
[BlackElo "1471"]
[Opening "Caro-Kann: exchange variation"]
[ECO "B13"]
[Time "10:00:51"]
[TimeControl "2700+45"]

1. e4 c6 2. d4 d5 3. exd5 cxd5 4. Nc3 Nc6 5. Nf3 Nf6 6. Bb5 a6 7. Ba4 Bg4 8. O-O
Bxf3 9. Qxf3 b5 10. Bb3 Nxd4 11. Qd3 Nxb3 12. axb3 e6 13. Bf4 Bd6 14. Bg5 O-O
15. Ne2 Be7 16. Ng3 Ng4 17. Bd2 Ne5 18. Qd4 Bf6 19. Qf4 Ng6 20. Qe3 Bxb2 21.
Rae1 Bf6 22. Nh5 Be7 23. Qd4 Bg5 24. Qxg7# {Black checkmated} 1-0

[Event "Team 45 45 League T56"]
[Site "Internet Chess Club"]
[Date "2013.03.31"]
[Round "6"]
[White "fireball"]
[Black "mugurelt"]
[Result "0-1"]
[WhiteElo "1722"]
[BlackElo "1772"]
[Opening "Sicilian: Smith-Morra gambit"]
[ECO "B21"]
[Time "16:01:39"]
[TimeControl "2700+45"]

1. e4 c5 2. d4 cxd4 3. c3 dxc3 4. Nxc3 Nc6 5. Nf3 d6 6. Bc4 e6 7. O-O Nf6 8. Qe2
Be7 9. Rd1 e5 10. Bb5 O-O 11. Bxc6 bxc6 12. Nxe5 Qc7 13. Nf3 Bg4 14. h3 Bh5 15.
g4 Bg6 16. Bf4 Nd7 17. Rac1 Qb8 18. Na4 Rc8 19. Nc5 Nxc5 20. Rxc5 Qb6 21. Rc3
Rab8 22. Rb3 Qa5 23. Rxb8 Rxb8 24. Bxd6 Bxd6 25. Rxd6 Qxa2 26. Rxc6 h6 27. Rc2
Qb1+ 28. Ne1 Re8 29. f3 f5 30. gxf5 Bxf5 31. Kh2 Be6 32. Ng2 Qa2 33. Qb5 Rf8 34.
Rc3 Kh7 35. Kg3 Bf7 36. Qb4 Kg8 37. f4 Qe6 38. f5 Qe5+ 39. Kf2 Rd8 40. Re3 Rb8
41. Qc3 Rxb2+ 42. Kf1 Qb8 43. Re2 Rb1+ 44. Re1 Rxe1+ 45. Qxe1 Qe5 46. Qe3 a5 47.
Kf2 a4 48. Ne1 Qb2+ 49. Qe2 a3 50. Nd3 Qxe2+ 51. Kxe2 a2 {White resigns} 0-1

[Event "Team 45 45 League T56"]
[Site "Internet Chess Club"]
[Date "2013.03.29"]
[Round "6"]
[White "justice02"]
[Black "nidusin2"]
[Result "0-1"]
[WhiteElo "1730"]
[BlackElo "1703"]
[Opening "Nimzo-Indian: classical, 4...c5"]
[ECO "E38"]
[Time "21:05:51"]
[TimeControl "2700+45"]

1. d4 Nf6 2. c4 e6 3. Nc3 Bb4 4. Qc2 c5 5. a3 Bxc3+ 6. bxc3 d5 7. e3 O-O 8. Bd3
Nbd7 9. Nf3 Qc7 10. h3 dxc4 11. Bxc4 cxd4 12. cxd4 b6 13. Qe2 b5 14. Ba2 Qc3+
15. Qd2 Qxa1 16. O-O Ne4 17. Qc2 Bb7 18. Bd2 Rac8 19. Qxc8 Qxf1+ 20. Kxf1 Nxd2+
21. Nxd2 Rxc8 {White resigns} 0-1

[Event "Team 45 45 League T56"]
[Site "Internet Chess Club"]
[Date "2013.03.27"]
[Round "6"]
[White "monkeyshark"]
[Black "RD1974"]
[Result "1-0"]
[WhiteElo "1576"]
[BlackElo "1608"]
[Opening "Scandinavian: Pytel-Wade variation"]
[ECO "B01"]
[Time "18:00:38"]
[TimeControl "2700+45"]

1. e4 d5 2. exd5 Qxd5 3. Nc3 Qd6 4. d4 Nf6 5. Nf3 c6 6. Bc4 Bg4 7. Be3 Nbd7 8.
h3 Bf5 9. Qd2 Nb6 10. Bb3 Ne4 11. Nxe4 Bxe4 12. Bxf7+ Kd8 13. Bb3 Qg6 14. Ng5
Bd5 15. O-O-O h6 16. Bxd5 Nxd5 17. Nf3 Qxg2 18. Ne5 Kc7 19. Qd3 Nf6 20. f3 Qg3
21. Rdg1 Qh4 22. Ng6 Qh5 23. Bf4+ Kd7 24. Nxh8 g5 25. Be5 Bg7 26. Ng6 e6 27.
Bxf6 Bxf6 28. Re1 Rg8 29. Ne5+ Kc7 30. Ng4 Be7 31. Rxe6 Bd6 32. Qh7+ Kb6 33.
Qxg8 Bf4+ 34. Kb1 Qh4 35. Qd8+ Ka6 36. b4 b6 37. Qc8+ Kb5 38. Qxc6+ Kxb4 39. a3+
Kxa3 40. Qc4 {Black resigns} 1-0

[Event "Team 45 45 League T56"]
[Site "Internet Chess Club"]
[Date "2013.03.29"]
[Round "6"]
[White "kingsrook"]
[Black "Insan996"]
[Result "1-0"]
[WhiteElo "1323"]
[BlackElo "1595"]
[Opening "QGD: 4.Nf3"]
[ECO "D37"]
[Time "19:00:35"]
[TimeControl "2700+45"]

1. d4 d5 2. c4 e6 3. Nf3 Nf6 4. Nc3 Be7 5. e3 O-O 6. Bd3 dxc4 7. Bxc4 c5 8. d5
exd5 9. Nxd5 Nxd5 10. Bxd5 Nd7 11. O-O Nf6 12. Bb3 b5 13. Bc2 c4 14. a3 Qc7 15.
h3 Bb7 16. Qe2 Rfd8 17. e4 Bd6 18. Re1 Re8 19. Nd2 Bc5 20. Kf1 Qh2 21. Nf3 Qh1+
22. Ng1 Bd6 23. Qf3 Bh2 24. Bd2 Bxe4 25. Bxe4 Qxg1+ 26. Ke2 Rxe4+ 27. Be3 Rxe3+
28. fxe3 Re8 29. Rxg1 Bxg1 30. Rxg1 a5 31. Qc6 h6 32. Qxb5 Ne4 33. Qxe8+ {Black
resigns} 1-0

[Event "Team 45 45 League T56"]
[Site "Internet Chess Club"]
[Date "2013.03.30"]
[Round "6"]
[White "elessar"]
[Black "EyeAm"]
[Result "1/2-1/2"]
[WhiteElo "1612"]
[BlackElo "1711"]
[Opening "Petrov's defense"]
[ECO "C42"]
[Time "14:00:28"]
[TimeControl "2700+45"]

1. e4 e5 2. Nf3 Nf6 3. Nxe5 d6 4. Nf3 Nxe4 5. Bd3 Nf6 6. O-O Be7 7. h3 O-O 8. c3
c5 9. Bc2 Nc6 10. d4 Be6 11. dxc5 dxc5 12. Qxd8 Raxd8 13. Bf4 Bd6 14. Bxd6 Rxd6
15. Rd1 Rxd1+ 16. Bxd1 Rd8 17. Bc2 g6 18. Nbd2 Kg7 19. a3 h6 20. Rd1 b6 21. Nf1
Rxd1 22. Bxd1 Nd5 23. Ne3 Nxe3 24. fxe3 f5 25. Kf2 Kf6 26. Nd2 Ne5 27. Be2 c4
28. Nf3 Bd5 29. Nxe5 Kxe5 30. h4 Be6 31. g3 Ke4 32. Bf1 b5 33. Ke2 Ke5 34. Kf2
g5 35. hxg5 hxg5 36. Be2 Ke4 37. Bf1 g4 38. Be2 Bd5 39. Bf1 a6 40. Be2 Be6 41.
Bf1 {Game drawn by mutual agreement} 1/2-1/2

[Event "Team 45 45 League T56"]
[Site "Internet Chess Club"]
[Date "2013.03.28"]
[Round "6"]
[White "ealps"]
[Black "Hal2001"]
[Result "1/2-1/2"]
[WhiteElo "1529"]
[BlackElo "1635"]
[Opening "Robatsch defense"]
[ECO "B06"]
[Time "07:08:41"]
[TimeControl "2700+45"]

1. e4 g6 2. d4 Bg7 3. Nc3 c5 4. Be3 cxd4 5. Bxd4 f6 6. Bc4 Nc6 7. Nf3 Nxd4 8.
Qxd4 Qb6 9. Nb5 Kd8 10. O-O Qxd4 11. Nbxd4 Nh6 12. Rad1 Ke8 13. Rfe1 Nf7 14.
Bxf7+ Kxf7 15. e5 a6 16. a4 Rb8 17. Rd3 b6 18. Rc3 Rb7 19. Rb3 e6 20. c4 Rd8 21.
exf6 Bxf6 22. Ne5+ Bxe5 23. Rxe5 d6 24. Rf3+ Kg7 25. Nxe6+ Bxe6 26. Rxe6 d5 27.
cxd5 Rxd5 28. g3 Rd2 29. Rb3 Rf7 30. f4 Rc7 31. Rc3 Rb7 32. b3 b5 33. Rxa6 bxa4
34. Rxa4 Re7 35. Rc1 Ree2 36. Ra7+ Kh6 37. Rb7 Rg2+ 38. Kh1 Rxh2+ 39. Kg1 {Game
drawn by mutual agreement} 1/2-1/2

[Event "Team 45 45 League T56"]
[Site "Internet Chess Club"]
[Date "2013.03.30"]
[Round "6"]
[White "CorvusCorax"]
[Black "parrot9"]
[Result "1/2-1/2"]
[WhiteElo "1607"]
[BlackElo "1661"]
[Opening "Sicilian: closed"]
[ECO "B23"]
[Time "12:09:34"]
[TimeControl "2700+45"]

1. e4 c5 2. Nc3 e6 3. f4 Nc6 4. Nf3 d5 5. exd5 exd5 6. Bb5 Nf6 7. O-O Be7 8. Ne5
Qc7 9. Qf3 Be6 10. f5 Qxe5 11. fxe6 fxe6 12. d3 Qc7 13. Re1 O-O 14. Bxc6 Qxc6
15. Qe2 Bd6 16. Qxe6+ Kh8 17. Bd2 d4 18. Ne4 Nxe4 19. Qxe4 Qc7 20. Qh4 h6 21.
Rf1 Rae8 {Game drawn by mutual agreement} 1/2-1/2

[Event "Team 45 45 League T56"]
[Site "Internet Chess Club"]
[Date "2013.03.29"]
[Round "6"]
[White "Lumumba"]
[Black "ricnic"]
[Result "1-0"]
[WhiteElo "1519"]
[BlackElo "1482"]
[Opening "Torre attack (Tartakower variation)"]
[ECO "D03"]
[Time "19:30:36"]
[TimeControl "2700+45"]

1. Nf3 d5 2. d4 Nf6 3. Bg5 e6 4. e3 Be7 5. Nbd2 c5 6. c3 c4 7. Qc2 O-O 8. Be2
Nbd7 9. O-O b5 10. e4 Bb7 11. e5 Ne4 12. Bxe7 Qxe7 13. Nxe4 dxe4 14. Nd2 f5 15.
exf6 Nxf6 16. a4 a6 17. axb5 axb5 18. b3 cxb3 19. Qxb3 Bc6 20. Rxa8 Rxa8 21.
Bxb5 Rb8 22. c4 Qd6 23. Qg3 Qxg3 24. hxg3 Bxb5 25. cxb5 Rxb5 26. Re1 Kf7 27.
Nxe4 Nxe4 28. Rxe4 g5 29. g4 Rd5 30. g3 Kf6 31. Kg2 e5 32. dxe5+ Rxe5 33. Rxe5
Kxe5 34. Kf3 Kd5 35. Ke3 Ke5 36. f4+ Kf6 37. Ke4 h6 38. f5 Kf7 39. Ke5 Ke7 40.
f6+ Kf7 41. Kf5 Kf8 42. Kg6 Kg8 43. Kxh6 Kf7 44. Kxg5 Kf8 45. Kg6 Ke8 46. Kg7
{Black resigns} 1-0

[Event "Team 45 45 League T56"]
[Site "Internet Chess Club"]
[Date "2013.03.28"]
[Round "6"]
[White "cBishop"]
[Black "calsal"]
[Result "0-1"]
[WhiteElo "1641"]
[BlackElo "1542"]
[Opening "Ruy Lopez: open (Tarrasch) defense"]
[ECO "C80"]
[Time "11:06:51"]
[TimeControl "2700+45"]

1. e4 e5 2. Nf3 Nc6 3. Bb5 a6 4. Ba4 Nf6 5. O-O Nxe4 6. Re1 Nc5 7. Bxc6 dxc6 8.
Nxe5 Be7 9. d4 Ne6 10. c3 O-O 11. Be3 f6 12. Nd3 Re8 13. Nd2 Qd5 14. Qf3 Nf8 15.
Bf4 Ne6 16. Bg3 Qxf3 17. Nxf3 Bd6 18. Re3 Bd7 19. Rae1 Nf8 20. Nc5 Rxe3 21. Rxe3
Bxc5 22. dxc5 Ne6 23. b4 b6 24. Rd3 Rd8 25. Kf1 bxc5 26. a3 cxb4 27. cxb4 c5 28.
bxc5 Bb5 {White resigns} 0-1